Map: Tours du crépuscule

Players

Wolf

  • Race: Protoss Protoss
  • League: Gold

Rolls

  • Race: Protoss Protoss
  • League: Platinum

JeanBond

  • Race: Zerg Zerg
  • League: Platinum

Sydalw

  • Race: Zerg Zerg

VOD

Have the link to the VOD?

Description

Time

  • Played on: April 1, 2016, 5:05 p.m.
  • Length: 12:08
Show
View Real Time Build Order
Export as new Build Order

Wolf Protoss 

Build Orders: Nexus First, Zealot Archon 

Get SALT Encoding   

  12  0:01  Probe (Chrono Boost)  
  13  0:12  Probe (Chrono Boost)  
  14  0:18  Pylon  
  14  0:22  Probe (Chrono Boost)  
  15  0:36  Probe (Chrono Boost)  
  16  0:47  Probe (Chrono Boost)  
  17  0:57  Probe (Chrono Boost)  
  18  1:04  Nexus  
  18  1:15  Gateway  
  18  1:17  Probe (Chrono Boost)  
  19  1:27  Assimilator  
  19  1:28  Probe (Chrono Boost)  
  19  1:32  Assimilator  
  20  1:38  Probe (Chrono Boost)  
  21  1:45  Gateway  
  21  1:56  Probe (Chrono Boost)  
  22  2:02  Cybernetics Core  
  22  2:09  Pylon  
  22  2:10  Probe (Chrono Boost)  
  23  2:16  Zealot  
  23  2:19  Probe (Chrono Boost)  
  26  2:26  Probe (Chrono Boost)  
  27  2:31  Probe (Chrono Boost)  
  28  2:39  Mothership Core (Chrono Boost)  
  28  2:40  Adept  
  28  2:43  Adept  
  34  2:46  Warp Gate  
  34  2:50  Probe (Chrono Boost)  
  35  3:02  Probe (Chrono Boost)  
  35  3:03  Probe (Chrono Boost)  
  37  3:06  Pylon  
  37  3:23  Pylon  
  37  3:28  Twilight Council, Probe x2 (Chrono Boost)  
  37  3:31  Adept x2  
  43  3:38  Robotics Facility  
  43  3:40  Probe x2 (Chrono Boost)  
  45  3:51  Probe x2 (Chrono Boost)  
  47  4:00  Assimilator  
  47  4:01  Probe x2 (Chrono Boost)  
  49  4:04  Assimilator  
  49  4:07  Dark Shrine  
  49  4:12  Probe x2 (Chrono Boost)  
  47  4:21  Pylon  
  51  4:34  Warp Prism  
  49  4:49  Gateway  
  49  4:51  Gateway  
  49  4:53  Gateway  
  49  4:56  Gateway  
  49  4:58  Gateway  
  49  5:02  Pylon  
  49  5:06  Immortal  
  47  5:08  Stalker  
  47  5:09  Stalker  
  55  5:29  Pylon  
  55  5:32  Gateway  
  55  5:34  Gateway  
  55  5:39  Dark Templar  
  55  5:41  Dark Templar  
  53  5:53  Immortal  
  53  5:54  Probe (Chrono Boost)  
  53  5:55  Probe (Chrono Boost)  
  59  6:04  Dark Templar x3  
  61  6:13  Dark Templar  
  61  6:15  Pylon  
  63  6:30  Probe (Chrono Boost)  
  63  6:31  Probe (Chrono Boost)  
  63  6:32  Nexus  
  65  6:34  Pylon  
  63  6:47  Adept  
  63  6:48  Adept x4  
  63  6:53  Observer  
  74  7:05  Probe (Chrono Boost)  
  74  7:06  Probe (Chrono Boost)  
  74  7:08  Blink  
  76  7:10  Immortal  
  76  7:15  Probe (Chrono Boost)  
  81  7:18  Probe (Chrono Boost)  
  81  7:20  Stalker x3  
  84  7:30  Dark Templar  
  84  7:35  Archon  
  88  7:38  Probe x2 (Chrono Boost)  
  88  7:40  Assimilator  
  88  7:45  Assimilator  
  88  7:47  Probe (Chrono Boost)  
  88  7:48  Immortal  
  88  7:50  Probe x2 (Chrono Boost)  
  91  7:57  Probe (Chrono Boost)  
  96  8:02  Probe (Chrono Boost), Stalker x2  
  101  8:07  Stalker  
  101  8:12  Probe (Chrono Boost)  
  105  8:13  Probe (Chrono Boost)  
  106  8:21  Probe (Chrono Boost)  
  106  8:22  Probe (Chrono Boost)  
  106  8:25  Immortal, Probe (Chrono Boost), Pylon  
  108  8:29  Pylon  
  112  8:42  Forge  
  112  8:44  Forge  
  112  8:46  Templar Archives  
  112  8:51  Dark Templar x2  
  112  8:53  Adept x2  
  112  8:55  Archon  
  120  8:57  Stalker  
  120  8:59  Stalker  
  120  9:02  Probe (Chrono Boost)  
  126  9:03  Probe (Chrono Boost)  
  126  9:08  Pylon  
  126  9:09  Pylon  
  126  9:10  Immortal  
  126  9:13  Probe (Chrono Boost)  
  131  9:27  Protoss Ground Weapons Level 1  
  131  9:28  Protoss Ground Armor Level 1  
  131  9:34  Nexus  
  131  9:36  Psionic Storm  
  129  9:42  Pylon  
  129  9:45  Pylon  
  129  9:46  Probe (Chrono Boost)  
  129  9:47  Probe (Chrono Boost)  
  129  9:49  Immortal  
  129  9:52  Charge  
  135  10:12  Pylon  
  135  10:14  High Templar x3  
  135  10:15  High Templar x2  
  145  10:23  High Templar  
  147  10:29  Archon  
  147  10:30  Zealot  
  147  10:31  Zealot x2  
  153  10:37  Probe (Chrono Boost)  
  153  10:39  Probe x2 (Chrono Boost)  
  153  10:41  Pylon  
  156  10:45  Pylon  
  156  10:48  Probe (Chrono Boost)  
  157  10:58  Pylon  
  157  11:00  Zealot  
  157  11:01  Zealot x5  
  157  11:02  Zealot x3  
  175  11:04  Assimilator  
  175  11:09  Assimilator  
  175  11:20  Immortal  
  179  11:29  Zealot x4  
  179  11:30  Zealot x4  
  193  11:51  High Templar x3  
  193  11:52  High Templar x4  
  177  11:57  Archon x3  
Show
View Real Time Build Order
Export as new Build Order

Rolls Protoss 

Build Orders:  

Get SALT Encoding   

  12  0:01  Drone  
  13  0:12  Overlord  
  13  0:21  Drone  
  13  0:25  Extractor, Drone  
  15  0:32  Drone  
  15  0:35  Drone  
  17  0:54  Hatchery  
  17  0:57  Drone  
  17  1:01  Extractor  
  17  1:02  Drone  
  17  1:07  Drone  
  18  1:22  Spawning Pool  
  18  1:24  Drone  
  18  1:31  Drone  
  19  1:39  Drone  
  20  1:50  Overlord  
  20  2:12  Metabolic Boost  
  20  2:14  Zergling x4  
  20  2:15  Zergling x2, Queen  
  23  2:17  Queen  
  27  2:26  Drone x2  
  27  2:29  Drone  
  30  2:33  Drone  
  31  2:44  Extractor  
  31  2:46  Drone x2  
  32  2:52  Roach Warren, Drone  
  32  2:56  Drone  
  33  3:02  Drone  
  33  3:14  Drone x2  
  34  3:23  Drone  
  34  3:24  Overlord  
  34  3:25  Overlord  
  35  3:43  Roach x6  
  35  3:47  Lair  
  47  3:54  Overlord  
  46  4:04  Roach x3  
  46  4:09  Overlord  
  51  4:12  Roach  
  52  4:19  Drone x2  
  52  4:20  Drone x2  
  56  4:26  Ravager x3  
  59  4:31  Zergling x2  
  59  4:32  Zergling x8  
  59  4:38  Ravager  
  65  4:43  Drone x2  
  67  5:05  Drone  
  67  5:06  Overlord  
  67  5:07  Overlord  
  68  5:13  Hatchery  
  67  5:20  Spore Crawler  
  66  5:22  Spore Crawler  
  66  5:26  Spore Crawler  
  66  5:27  Drone x5  
  69  5:31  Extractor  
  68  5:42  Overseer  
  67  5:43  Glial Reconstitution  
  60  5:52  Ravager  
  58  6:02  Drone x4  
  49  6:19  Roach  
  49  6:20  Roach x6  
  57  6:33  Roach  
  57  6:34  Roach x3  
  57  6:52  Drone x5  
  61  7:09  Overseer  
  61  7:16  Drone x2  
  61  7:17  Drone x3  
  61  7:22  Extractor  
  65  7:32  Queen  
  65  7:36  Hatchery  
  66  7:50  Drone x2  
  68  8:00  Roach x2  
  68  8:01  Roach x4, Hydralisk Den  
  68  8:02  Drone  
  68  8:04  Evolution Chamber  
  79  8:07  Evolution Chamber  
  78  8:27  Overlord  
  78  8:28  Overlord  
  78  8:37  Hydralisk x3  
  84  8:52  Drone  
  84  8:53  Drone x2  
  84  8:55  Drone x7  
  94  8:58  Zerg Ground Armor Level 1, Zerg Missile Weapons Level 1  
  94  9:01  Hydralisk x2  
  98  9:06  Muscular Augments  
  97  9:17  Drone x9  
  97  9:22  Overlord  
  97  9:23  Overlord  
  105  9:34  Queen  
  106  9:41  Hydralisk  
  106  9:42  Hydralisk x2  
  112  9:46  Hydralisk x2  
  112  9:51  Hydralisk  
  112  9:52  Hydralisk  
  120  9:59  Drone x2  
  122  10:11  Overlord x2  
  122  10:12  Overlord  
  122  10:32  Drone x11  
  133  10:36  Extractor  
  133  10:37  Extractor  
  131  10:46  Hatchery  
  130  11:03  Hydralisk x3  
  130  11:04  Roach  
  138  11:05  Overlord x2  
  138  11:06  Overlord x4  
  138  11:23  Hydralisk x11  
  161  11:32  Hydralisk x3  
Show
View Real Time Build Order
Export as new Build Order

JeanBond Zerg 

Build Orders:  

Get SALT Encoding   

Show
View Real Time Build Order
Export as new Build Order

Sydalw Zerg 

Build Orders:  

Get SALT Encoding   

Tags
 
Add a new tag
Caveats
  • Supply blocks, unpowered buildings, or Contaminate may cause inaccurate times.
  • Supply counts are checked every 10 seconds.